 Dungeon Crawl Stone Soup version 0.26-a0-835-g8259106e14 (webtiles) character file.

Game seed: 5665078005435516407

2454 iamoutofideas the Grappler (level 9, -2/79 HPs)
             Began as a Troll Hunter on Nov 17, 2020.
             Was a Believer of Okawaru.
             Slain by Duvessa
             ... wielding a +3 short sword of venom
              (8 damage)
             ... on level 6 of the Dungeon.
             The game lasted 00:07:38 (4525 turns).

iamoutofideas the Grappler (Troll Hunter)           Turns: 4525, Time: 00:07:38

Health: -2/79      AC:  8    Str: 25    XL:     9   Next: 25%
Magic:  8/8        EV: 10    Int:  7    God:    Okawaru [**....]
Gold:   219        SH:  0    Dex: 10    Spells: 8/8 levels left

rFire    . . .     SeeInvis .     - Unarmed
rCold    . . .     Faith    .   (no shield)
rNeg     . . .     Spirit   .   b - +2 robe
rPois    .         Reflect  .   (helmet restricted)
rElec    .         Harm     .   q - scarf {repulsion}
rCorr    +         Rampage  .   (gloves unavailable)
MR       .....                  (boots unavailable)
Stlth    ++........             (no amulet)
HPRegen  0.63/turn              a - ring of resist corrosion
MPRegen  0.11/turn              C - ring of stealth

@: lethally poisoned (-2 -> -63), repel missiles
A: large, unfitting armour, claws 3, regeneration 1, shaggy fur 1, tough skin 3
a: Heroism, Renounce Religion


You were on level 6 of the Dungeon.
You worshipped Okawaru.
Okawaru was pleased with you.
You visited 2 branches of the dungeon, and saw 7 of its levels.
You also visited: Ossuary.

You collected 219 gold pieces.

Inventory:

Missiles
 c - 10 large rocks (quivered)
 d - 2 throwing nets
 h - 313 stones
 i - 10 poisoned darts
Armour
 b - a +2 robe (worn)
 q - a scarf of repulsion (worn)
 x - a scarf of invisibility
Jewellery
 a - a ring of resist corrosion (left claw)
 C - a ring of stealth (right claw)
Wands
 v - a wand of iceblast (17)
 y - a wand of paralysis (9)
Scrolls
 e - a scroll of enchant armour
 g - 3 scrolls of teleportation
 j - 3 scrolls of remove curse
 l - a scroll of amnesia
 n - 5 scrolls of blinking
 o - a scroll of fog
Potions
 f - a potion of heal wounds
 k - a potion of might
 m - 2 potions of magic {unknown}
 p - 3 potions of lignification {unknown}
 r - 5 potions of attraction
 s - 2 potions of haste
 t - a potion of curing
 u - 2 potions of mutation
 w - a potion of cancellation
 z - a potion of berserk rage {unknown}
 A - a potion of degeneration {unknown}
 B - a potion of invisibility {unknown}


   Skills:
 + Level 2.0 Fighting
 - Level 7.5 Throwing
 - Level 0.3 Armour
 + Level 1.9 Dodging
 - Level 0.3 Stealth
 - Level 10.0 Unarmed Combat


You had 8 spell levels left.
You didn't know any spells.
Your spell library contained the following spells:

 Spells                   Type           Power        Failure   Level
 Magic Dart               Conj           #...         43%         1
 Blink                    Tloc           N/A          56%         2
 Call Imp                 Summ           #.......     56%         2
 Slow                     Hex            #.......     56%         2
 Confusing Touch          Hex            #.......     80%         3
 Conjure Flame            Conj/Fire      #.......     80%         3
 Gell's Gravitas          Tloc           #.........   80%         3
 Mephitic Cloud           Conj/Pois/Air  #.......     80%         3
 Petrify                  Tmut/Erth      #.......     99%         4
 Irradiate                Conj/Tmut      #.........   100%        5
 Metabolic Englaciation   Hex/Ice        #.........   100%        5
 Yara's Violent Unravell  Hex/Tmut       #.........   100%        5
 Hydra Form               Tmut           #.........   100%        6
 Statue Form              Tmut/Erth      #........    100%        6
 Dragon Form              Tmut           #.........   100%        7


Dungeon Overview and Level Annotations

Branches:
Dungeon (6/15)             Temple (1/1) D:5         Ossuary (visited)

Altars:
Ashenzari
Cheibriados
Elyvilon
Gozag
Hepliaklqana
Makhleb
Nemelex Xobeh
Okawaru
Qazlal
Ru
Sif Muna
Trog
Uskayaw
Vehumet
Xom
Yredelemnul
Zin
The Shining One
Lugonu

Shops:
D:4 }

Annotations:
D:6 Duvessa


Innate Abilities, Weirdness & Mutations

You are too large for most types of armour.
You have claws for hands.
Your natural rate of healing is unusually fast.
You are covered in fur. (AC +1)
You have extremely tough skin. (AC +3)


Message History

You scratch Duvessa but do no damage.
Duvessa is heavily wounded.
You feel very sick.
Duvessa hits you with a +3 short sword of venom.
You are more poisoned.
Throwing (i - inventory. (/) - cycle)
c - 11 large rocks (quivered)
Press: ? - help, Shift-Dir - straight line, f/p - Duvessa
Aim: Duvessa, wielding a +3 short sword of venom and wearing a +3 leather armour of cold resistance (heavily wounded, berserk)
You throw a large rock.
The large rock hits Duvessa but does no damage.
Duvessa is heavily wounded.
* * * LOW HITPOINT WARNING * * *
You feel very sick.
Duvessa hits you with a +3 short sword of venom!
* * * LOW HITPOINT WARNING * * *
You are more poisoned.
Duvessa hits you but does no damage.
You are more poisoned.
Duvessa hits you with a +3 short sword of venom!
You die...

.# .###....##...## ..
..............# ..
..............#
......(..)...........#
.......................#
.......................#
..............((......# ...#
#...# #####e# ######
...###...###..##@#######.....#
...#.....#............'......#
...#.....#............#......#
...#.....#............#......#
...#.....'............#......#
...##..####...##......#......#
...##..####...##......#......#
.......................#....##
..............##.......######


You could see Duvessa (berserk).

Vanquished Creatures
  Pikel (D:6)
  Grinder (D:5)
  Menkaure (D:6)
  Edmund (D:4)
  A phantom (D:5)
  An ogre (D:3)
  3 elf zombies (Ossuary)
  2 bullfrogs (D:6)
  A gnoll sergeant (D:6)
  Dowan (D:6)
  2 scorpions (D:4)
  2 howler monkeys (D:5)
  3 human zombies (Ossuary)
  2 centaur skeletons
  2 hounds
  2 bullfrog skeletons
  An iguana (D:5)
  5 worker ants
  A big kobold zombie (Ossuary)
  A hound zombie (D:5)
  A hound skeleton (D:6)
  2 mummies (Ossuary)
  6 adders
  3 shadow imps
  3 white imps (D:5)
  2 ufetubi
  2 oozes
  An adder zombie (D:5)
  An adder skeleton (D:6)
  2 worms (D:4)
  4 dart slugs
  2 leopard geckos (D:6)
  3 orcs
  8 bats
  5 giant cockroaches
  6 hobgoblins
  2 jackals (D:2)
  2 quokkas
  A ball python (D:1)
  8 frilled lizards
  A giant cockroach zombie (D:5)
  12 goblins
  12 hobgoblin zombies (Ossuary)
  4 jackal zombies (Ossuary)
  6 kobolds (D:1)
  5 kobold zombies (Ossuary)
  9 orc zombies (Ossuary)
  A quokka skeleton (D:5)
  A quokka zombie (D:5)
  6 rats
  A rat zombie (D:5)
156 creatures vanquished.

Vanquished Creatures (others)
  A centaur (D:5)
  A demonic plant (Temple)
2 creatures vanquished.

Grand Total: 158 creatures vanquished

Notes
Turn   | Place    | Note
-------+----------+-------------------------------------------
     0 | D:1      | iamoutofideas the Troll Hunter began the quest for the Orb.
     0 | D:1      | Reached XP level 1. HP: 19/19 MP: 0/0
   105 | D:1      | Reached skill level 1 in Unarmed Combat
   234 | D:1      | Reached XP level 2. HP: 27/27 MP: 1/1
   315 | D:1      | Reached skill level 2 in Unarmed Combat
   665 | D:1      | Found a glowing golden altar of the Shining One.
   855 | D:1      | Reached XP level 3. HP: 33/33 MP: 2/2
  1181 | D:2      | Reached skill level 3 in Unarmed Combat
  1311 | D:2      | Found a faded altar of an unknown god.
  1660 | D:3      | Found an opulent altar of Gozag.
  1661 | D:3      | Found a sacrificial altar of Ru.
  1662 | D:3      | Found a broken altar of Ashenzari.
  1813 | D:3      | Noticed an ogre
  1818 | D:3      | Killed an ogre
  1819 | D:3      | Reached skill level 4 in Unarmed Combat
  1819 | D:3      | Reached XP level 4. HP: 41/41 MP: 3/3
  1819 | D:3      | Reached XP level 5. HP: 48/48 MP: 4/4
  1853 | D:3      | Found a white marble altar of Elyvilon.
  1904 | D:3      | Reached skill level 5 in Unarmed Combat
  1979 | D:3      | Found a stormy altar of Qazlal.
  2434 | D:4      | Noticed Edmund
  2448 | D:4      | Killed Edmund
  2449 | D:4      | Reached skill level 6 in Unarmed Combat
  2449 | D:4      | Reached XP level 6. HP: 39/55 MP: 5/5
  2549 | D:4      | Found a burning altar of Makhleb.
  2573 | D:4      | Found Mueppu's Gadget Shop.
  2810 | D:4      | Reached skill level 7 in Unarmed Combat
  2925 | D:4      | Found a bloodstained altar of Trog.
  2972 | D:5      | Entered Level 5 of the Dungeon
  2972 | D:5      | Found a staircase to the Ecumenical Temple.
  2985 | Temple   | Entered the Ecumenical Temple
  3018 | Temple   | Became a worshipper of Warmaster Okawaru
  3036 | D:5      | Reached XP level 7. HP: 54/62 MP: 6/6
  3072 | D:5      | Reached skill level 8 in Unarmed Combat
  3086 | D:5      | Noticed Grinder
  3099 | D:5      | Paralysed by Grinder for 2 turns
  3112 | D:5      | Killed Grinder
  3112 | D:5      | Reached * piety under Okawaru
  3113 | D:5      | Reached skill level 9 in Unarmed Combat
  3154 | D:5      | Reached XP level 8. HP: 55/70 MP: 7/7
  3272 | D:5      | Found a hazy altar of Hepliaklqana.
  3274 | D:5      | Found a shimmering altar of Xom.
  3275 | D:5      | Noticed a spectral ugly thing
  3360 | D:5      | Found a sand-covered staircase.
  3370 | Ossuary  | Entered an ossuary
  3598 | Ossuary  | Reached skill level 10 in Unarmed Combat
  3836 | D:5      | Reached skill level 5 in Throwing
  4168 | D:6      | Noticed Pikel
  4180 | D:6      | Killed Pikel
  4180 | D:6      | Reached ** piety under Okawaru
  4181 | D:6      | Reached XP level 9. HP: 73/76 MP: 8/8
  4183 | D:6      | Noticed Menkaure
  4199 | D:6      | Killed Menkaure
  4340 | D:6      | Found a burning altar of Makhleb.
  4492 | D:6      | Noticed Dowan
  4512 | D:6      | Noticed Duvessa
  4518 | D:6      | Killed Dowan
  4525 | D:6      | Slain by Duvessa

Illustrated notes

Levels and vault maps discovered:
D:1:      mainiacjoe_arrival_reflecting_pool, layout_basic, serial_curves,
          eino_curves_04, eino_curves_04, eino_curves_03, tso_altar
D:2:      layout_rooms, chequers_ecumenical_altar_island
D:3:      layout_basic, grunt_qazlal_sundering, old_standard_altar,
          chequers_temple_overflow_statue_of_worship, minmay_ogre_servants
D:4:      layout_basic, kennysheep_little_box, overflow_temple_1_default,
          serial_shops, shop, uniq_edmund
D:5:      layout_loops_ring, regret_index_temple_of_mockery,
          minmay_temple_entry_waves, enter_ossuary_4, uniq_grinder
D:6:      layout_gridville, portal_sewer_entry_e, minmay_ruined_shrine,
          uniq_menkaure, uniq_duvessa, uniq_pikel
Temple:   corrupted_temple

Skill      XL: |  1  2  3  4  5  6  7  8  9 |
---------------+----------------------------+-----
Unarmed Combat | 1 2 4 6 7 9 10 | 10.0
Throwing       | 6 7 |  7.5
Fighting       | 2 |  2.0
Armour         | |  0.3
Dodging        | |  1.9
Stealth        | |  0.3

Action                   |  1- 3 |  4- 6 |  7- 9 || total
-------------------------+-------+-------+-------++-------
Melee: Unarmed           |   166 |    74 |   276 ||   516
       Short sword       |     2 |       |       ||     2
       Punch             |       |     6 |    12 ||    18
Throw: Large rock        |       |       |    10 ||    10
Invok: Heroism           |       |       |     1 ||     1
  Use: Scroll            |       |       |    16 ||    16
       Potion            |       |       |     6 ||     6
 Stab: Sleeping          |     1 |     1 |       ||     2
Armor: Robe              |    81 |    24 |   118 ||   223
Dodge: Dodged            |   106 |    41 |   166 ||   313
       Repelled          |       |       |     1 ||     1

Table legend: (Time is in decaauts)
 A = Elapsed time spent in this place.
 B = Non-inter-level travel time spent in this place.
 C = Inter-level travel time spent in this place.
 D = Time resting spent in this place.
 E = Time spent auto-exploring this place.
 F = Levels seen in this place.
 G = Mean time per level.
                   A        B        C        D        E       F      G
               +--------+--------+--------+--------+--------+-----+--------+
         Total |   4437 |   4201 |    236 |      0 |   2878 |   8 |  554.6 |
       Dungeon |   4109 |   3889 |    220 |      0 |   2733 |   6 |  684.8 |
        Temple |     47 |     31 |     16 |      0 |     27 |   1 |   47.0 |
       Ossuary |    281 |    281 |      0 |      0 |    118 |   1 |  281.0 |
               +--------+--------+--------+--------+--------+-----+--------+

Top non-repeatable levels by time:
     D:1: 1148 daAuts
     D:5: 812 daAuts
     D:3: 739 daAuts
     D:4: 660 daAuts
     D:2: 411 daAuts
     D:6: 336 daAuts
 Ossuary: 281 daAuts
  Temple: 47 daAuts
